 Dungeon Crawl Stone Soup version 0.27-a0-291-gd9602db6ee (webtiles) character file.

Game seed: 17393004713922696656

3616 kae the Ruffian (level 9, -7/88 HPs)
             Began as a Pale Draconian Transmuter on Feb 9, 2021.
             Was an Initiate of Ru.
             Mangled by a two-headed ogre
             ... wielding a +0 giant spiked club
              (20 damage)
             ... on level 8 of the Dungeon.
             The game lasted 00:06:17 (9432 turns).

kae the Ruffian (Pale Draconian Transmuter)         Turns: 9432, Time: 00:06:17

Health: -7/88      AC:  6    Str: 15    XL:     9   Next: 86%
Magic:  16/16      EV: 16    Int: 13    God:    Ru [......]
Gold:   304        SH:  0    Dex: 13    Spells: 4/17 levels left

rFire    x . .     SeeInvis .     - Unarmed
rCold    + + +     Faith    .   (shield currently unavailable)
rNeg     . . .     Spirit   .   (armour unavailable)
rPois    +         Reflect  .   (helmet currently unavailable)
rElec    .         Harm     .   (cloak currently unavailable)
rCorr    .         Rampage  .   (gloves currently unavailable)
Will     .....                  (boots currently unavailable)
Stlth    ..........             j - amulet of regeneration
HPRegen  0.64/turn              l - +4 ring of evasion
MPRegen  0.15/turn              o - ring of wizardry

@: ice-form
A: large, (breathe steam), unfitting armour, no stealth, AC +7
a: End Transformation, Renounce Religion


You were on level 8 of the Dungeon.
You worshipped Ru.
Ru was noncommittal.
You were a creature of crystalline ice.
You visited 2 branches of the dungeon, and saw 9 of its levels.

You collected 388 gold pieces.
You spent 84 gold pieces at shops.

Inventory:

Armour
 w - a +0 cloak (melded)
Jewellery
 b - an uncursed ring of resist corrosion
 j - an amulet of regeneration (around neck)
 l - a +4 ring of evasion (left front paw)
 o - a ring of wizardry (right front paw)
 t - an uncursed ring of magical power
 y - an uncursed ring of protection from fire
Wands
 p - a wand of charming (9)
 r - a wand of flame (33)
 s - a wand of mindburst (28)
 u - a wand of acid (14)
 v - a wand of iceblast (10)
 A - a wand of polymorph (11)
Scrolls
 a - 3 scrolls of teleportation
 d - 2 scrolls of magic mapping
 e - 4 scrolls of remove curse
 x - a scroll of random uselessness {unknown}
Potions
 c - 2 potions of attraction
 f - a potion of curing
 g - 2 potions of brilliance
 h - a potion of might
 i - a potion of degeneration
 k - a potion of cancellation
 m - a potion of heal wounds
 n - 2 potions of magic
 q - 3 potions of flight
 z - a potion of mutation {unknown}
 B - a potion of lignification {unknown}


   Skills:
 + Level 5.3 Fighting
 + Level 4.8 Dodging
 * Level 7.6 Unarmed Combat
 + Level 4.8 Spellcasting
 * Level 7.2 Transmutations
 - Level 5.0 Ice Magic
 - Level 2.0 Poison Magic


You had 4 spell levels left.
You knew the following spells:

 Your Spells              Type           Power        Failure   Level
a - Beastly Appendage     Tmut           42%          1%          1
b - Spider Form           Tmut/Pois      7%           3%          3
c - Ice Form              Ice/Tmut       19%          6%          4
d - Blade Hands           Tmut           10%          11%         5

Your spell library contained the following spells:

 Spells                   Type           Power        Failure   Level
 Freeze                   Ice            64%          1%          1
 Wereblood                Tmut           21%          1%          2
 Frozen Ramparts          Ice            32%          3%          3
 Ozocubu's Armour         Ice            16%          3%          3
 Magic Dart               Conj           12%          8%          1
 Searing Ray              Conj           6%           12%         2
 Dazzling Flash           Conj/Hex       6%           22%         3
 Hailstorm                Conj/Ice       9%           26%         4
 Summon Ice Beast         Ice/Summ       9%           26%         4
 Fulminant Prism          Conj/Hex       1%           56%         4
 Iskenderun's Mystic Bla  Conj/Tloc      3%           56%         4


Dungeon Overview and Level Annotations

Branches:
Dungeon (8/15)             Temple (1/1) D:5            Lair (0/6) D:8

Altars:
Ashenzari
Dithmenos
Elyvilon
Hepliaklqana
Kikubaaqudgha
Makhleb
Nemelex Xobeh
Okawaru
Qazlal
Ru
Sif Muna
Trog
Uskayaw
Vehumet
Xom
Yredelemnul
Zin
The Shining One

Shops:
D:6 ?

Annotations:
D:5 2 transporters, Gearfox's ghost, novice DsFi


Innate Abilities, Weirdness & Mutations

((You can breathe blasts of scalding, opaque steam.))
((Your pale cyan-grey scales are hard. (AC +7)))
You cannot fit into any form of body armour.
((You are cold-blooded and may be slowed by cold attacks.))
You cannot be stealthy.


Message History

You punch the two-headed ogre! You freeze the two-headed ogre.
The two-headed ogre is lightly wounded.
The two-headed ogre hits you with a +0 giant spiked club!!
The two-headed ogre hits you with a +0 dire flail!
You hit the two-headed ogre but do no damage.
The two-headed ogre is lightly wounded.
The two-headed ogre hits you with a +0 giant spiked club!
The two-headed ogre hits you with a +0 dire flail.
* * * LOW HITPOINT WARNING * * *
You punch the two-headed ogre! You freeze the two-headed ogre!
The two-headed ogre is heavily wounded.
You hit the two-headed ogre. You freeze the two-headed ogre.
The two-headed ogre is severely wounded.
The two-headed ogre hits you with a +0 giant spiked club!
* * * LOW HITPOINT WARNING * * *
The two-headed ogre closely misses you.
You hit the two-headed ogre. You freeze the two-headed ogre.
The two-headed ogre is severely wounded.
The two-headed ogre hits you with a +0 giant spiked club!!
You die...

...(......+...+......
#########.##...####.).
..........##...# #...
........####...# ####
#######.# ...## ..#.#
###. ###(#.# #..O#.#
#..Y#.# #>..#.##.# ##
#..†.....# ..
##.†#.#### ####
.....#... ....
#####.##### .... #.#
.... #.# .... #.# ....


You could see a two-headed ogre.

Vanquished Creatures
  Maggie (D:6)
  Sigmund (D:6)
  A wraith (D:5)
  Edmund (D:6)
  An orc warrior (D:7)
  2 ice beasts
  2 sky beasts (D:5)
  A necrophage (D:7)
  An ogre (D:6)
  A black bear (D:5)
  2 centaurs
  2 kobold brigands (D:7)
  A bullfrog (D:7)
  A gnoll sergeant (D:7)
  A water moccasin zombie (D:7)
  3 scorpions
  6 killer bees
  2 electric eels (D:8)
  6 howler monkeys
  A bullfrog zombie (D:2)
  4 hounds
  2 orc priests
  A bullfrog skeleton (D:5)
  An iguana (D:6)
  6 orc wizards
  8 worker ants
  3 hound skeletons
  7 gnolls
  A howler monkey skeleton (D:5)
  10 adders
  2 white imps
  3 ufetubi
  4 oozes
  An adder skeleton (D:5)
  2 worms
  2 dart slugs
  2 leopard geckos
  18 orcs
  5 giant cockroaches
  5 goblins
  7 hobgoblins
  18 jackals
  3 quokkas
  8 bats
  6 frilled lizards
  21 kobolds
  8 rats
195 creatures vanquished.

Vanquished Creatures (others)
  An orc wizard (D:8)
  An orc (D:7)
  8 plants (D:1)
10 creatures vanquished.

Grand Total: 205 creatures vanquished

Notes
Turn   | Place    | Note
-------+----------+-------------------------------------------
     0 | D:1      | kae the Draconian Transmuter began the quest for the Orb.
     0 | D:1      | Reached XP level 1. HP: 16/16 MP: 3/3
    22 | D:1      | You fall into a shaft and drop 1 floor!
   269 | D:1      | Reached XP level 2. HP: 19/23 MP: 3/5
  1037 | D:1      | Reached XP level 3. HP: 24/28 MP: 6/6
  1041 | D:1      | Learned a level 3 spell: Spider Form
  1782 | D:2      | Found a hazy altar of Hepliaklqana.
  1783 | D:2      | Found a shimmering altar of Xom.
  1784 | D:2      | Noticed a spectral ugly thing
  1784 | D:2      | Noticed a wyvern
  2280 | D:2      | Reached XP level 4. HP: 8/36 MP: 5/7
  2634 | D:2      | Reached skill level 1 in Poison Magic
  3283 | D:3      | Reached XP level 5. HP: 39/41 MP: 8/8
  3319 | D:3      | Learned a level 4 spell: Ice Form
  4631 | D:4      | Reached XP level 6. HP: 45/50 MP: 5/10
  5409 | D:4      | Reached skill level 1 in Ice Magic
  6036 | D:5      | Entered Level 5 of the Dungeon
  6067 | D:5      | Found a transporter.
  6072 | D:5      | Found a transporter.
  6073 | D:5      | Noticed Gearfox's ghost (novice DsFi)
  6103 | D:5      | Noticed a sky beast
  6115 | D:5      | Killed a sky beast
  6116 | D:5      | Your scales start taking on a pale cyan-grey colour.
  6116 | D:5      | Reached XP level 7. HP: 31/56 MP: 8/11
  6384 | D:5      | Found a staircase to the Ecumenical Temple.
  6396 | D:5      | Reached skill level 5 in Unarmed Combat
  6405 | Temple   | Entered the Ecumenical Temple
  6582 | D:5      | Found a sacrificial altar of Ru.
  6597 | D:5      | Became a worshipper of Ru the Awakened
  7088 | D:5      | Reached XP level 8. HP: 63/63 MP: 8/13
  7260 | D:5      | Reached skill level 5 in Transmutations
  7374 | D:6      | Found a basalt altar of Yredelemnul.
  7418 | D:6      | Noticed Maggie
  7437 | D:6      | Killed Maggie
  7463 | D:6      | Noticed Edmund
  7487 | D:6      | Killed Edmund
  7604 | D:6      | Noticed Sigmund
  7619 | D:6      | Killed Sigmund
  7668 | D:6      | Found Efegis's Magic Scroll Shop.
  7677 | D:6      | Bought a scroll of identify for 28 gold pieces
  7677 | D:6      | Bought a scroll of identify for 28 gold pieces
  7677 | D:6      | Bought a scroll of identify for 28 gold pieces
  7738 | D:6      | Reached XP level 9. HP: 72/72 MP: 9/15
  8090 | D:6      | Learned a level 5 spell: Blade Hands
  8145 | D:7      | Gained mutation: You cannot be stealthy. [Ru sacrifice]
  8459 | D:7      | Reached skill level 5 in Ice Magic
  8712 | D:7      | Reached skill level 5 in Fighting
  8929 | D:7      | Found a stormy altar of Qazlal.
  9411 | D:8      | Found a staircase to the Lair.
  9423 | D:8      | Noticed a two-headed ogre
  9432 | D:8      | Mangled by a two-headed ogre

Illustrated notes

Levels and vault maps discovered:
D:1:      dpeg_arrival_rooms_a, layout_loops_corners, serial_forest,
          infiniplex_forest_straight_2, infiniplex_forest_clump_medium,
          infiniplex_forest_zigzag_1, infiniplex_forest_end_1,
          infiniplex_forest_straight_2, infiniplex_forest_straight_1,
          infiniplex_forest_clump_cross, hangedman_decor_points,
          hangedman_decor_push
D:2:      layout_loops_ring, regret_index_temple_of_mockery
D:3:      layout_loops_ring, chequers_serial_rivers_micro_a,
          minmay_randomly_rotated_circles
D:4:      layout_loops_ring
D:5:      layout_basic, minmay_temple_entry_mist, gammafunk_ghost_hive,
          nicolae_ru_sacrificial_ziggurat
D:6:      layout_basic, serial_shops, shop_fountains, basic_altar, minivault_25,
          uniq_maggie, uniq_edmund, uniq_sigmund
D:7:      layout_rooms, grunt_qazlal_clouds
D:8:      layout_basic, lemuel_zombie_altar_yredelemnul, lair_entry_dummy,
          kennysheep_potato
Temple:   cyrus_circular_temple

Skill      XL: |  1  2  3  4  5  6  7  8  9 |
---------------+----------------------------+-----
Dodging        | 2 3 4 |  4.8
Fighting       | 2 3 4 5 |  5.3
Transmutations | 3 4 5 7 |  7.2
Poison Magic   | 1 2 |  2.0
Unarmed Combat | 4 5 6 7 |  7.6
Ice Magic      | 1 3 4 5 |  5.0
Spellcasting   | 3 4 |  4.8

Action                   |  1- 3 |  4- 6 |  7- 9 || total
-------------------------+-------+-------+-------++-------
Melee: Unarmed           |   124 |   185 |   271 ||   580
       Kick              |    17 |    24 |       ||    41
       Tailslap          |    10 |    17 |     7 ||    34
       Headbutt          |     6 |    23 |       ||    29
       Punch             |     2 |     1 |     1 ||     4
 Cast: Beastly Appendage |    27 |    29 |       ||    56
       Spider Form       |       |    11 |    14 ||    25
       Ice Form          |       |       |    18 ||    18
Invok: Sacrifice Stealth |       |       |     1 ||     1
 Abil: Breathe Steam     |       |       |    17 ||    17
  Use: Scroll            |       |     9 |     7 ||    16
 Stab: Sleeping          |     3 |     2 |       ||     5
Armor: Skin              |    49 |    46 |    41 ||   136
Dodge: Dodged            |    83 |   118 |   235 ||   436

Table legend: (Time is in decaauts)
 A = Elapsed time spent in this place.
 B = Non-inter-level travel time spent in this place.
 C = Inter-level travel time spent in this place.
 D = Time resting spent in this place.
 E = Time spent auto-exploring this place.
 F = Levels seen in this place.
 G = Mean time per level.
                   A        B        C        D        E       F      G
               +--------+--------+--------+--------+--------+-----+--------+
         Total |   9379 |   9177 |    202 |    587 |   7149 |   9 | 1042.1 |
       Dungeon |   9321 |   9128 |    193 |    587 |   7101 |   8 | 1165.1 |
        Temple |     58 |     49 |      9 |      0 |     48 |   1 |   58.0 |
               +--------+--------+--------+--------+--------+-----+--------+

Top non-repeatable levels by time:
     D:2: 1738 daAuts
     D:4: 1567 daAuts
     D:1: 1518 daAuts
     D:5: 1206 daAuts
     D:3: 1192 daAuts
     D:6: 865 daAuts
     D:7: 813 daAuts
     D:8: 418 daAuts
  Temple: 58 daAuts
